 Dungeon Crawl Stone Soup version 0.29.1-1-gd02db6906a (webtiles) character file.

Game seed: 4766693732415569641

9 lonewolfV2 the Sneak (level 2, -1/11 HPs)
             Began as a Felid Fire Elementalist on Oct 17, 2022.
             Slain by Terence
             ... wielding a +0 hand axe
              (7 damage)
             ... on level 1 of the Dungeon.
             The game lasted 00:01:22 (965 turns).

lonewolfV2 the Sneak (Felid Fire Elementalist)       Turns: 965, Time: 00:01:23

Health: -1/11      AC:  1    Str:  4    XL:     2   Next: 3%
Magic:  0/6        EV: 17    Int: 16    God:
Gold:   73         SH:  0    Dex: 16    Spells: 4/5 levels left
                                        Lives:  0   Deaths: 0

rFire   . . .      SeeInvis +   (weapon unavailable)
rCold   . . .      Faith    .   (shield unavailable)
rNeg    . . .      Spirit   .   (body armour unavailable)
rPois   .          Reflect  .   (helmet unavailable)
rElec   .          Harm     .   (cloak unavailable)
rCorr   .          Rampage  .   (gloves unavailable)
Will    .....                   (boots unavailable)
Stlth   ++........              (no amulet)
HPRegen 0.03/turn               (no ring)
MPRegen 0.10/turn               (no ring)

@: very slightly contaminated, quick
A: very small, claws 1, fangs 3, see invisible, speed 1, shaggy fur 1, stealthy
paws, no weapons or thrown items, no armour, multi-lived
a: no special abilities


You were on level 1 of the Dungeon.
You visited 1 branch of the dungeon, and saw 2 of its levels.

You collected 73 gold pieces.

Inventory:

Scrolls
 b - a scroll of vulnerability {unknown}
 e - a scroll of identify {unknown}
 f - a scroll of blinking {unknown}
Potions
 a - a potion of magic
 c - a potion of cancellation {unknown}
 d - a potion of heal wounds {unknown}


   Skills:
 + Level 2.9 Dodging
 + Level 3.0 Stealth
 + Level 2.1 Spellcasting
 + Level 1.1 Conjurations
 + Level 2.8 Fire Magic


You had 4 spell levels left.
You knew the following spells:

 Your Spells              Type           Power      Damage    Failure   Level
a - Foxfire               Conj/Fire      32%        2x1d5     9%          1

Your spell library contained the following spells:

 Spells                   Type           Power      Damage    Failure   Level
 Scorch                   Fire           20%        2d6       10%         2
 Conjure Flame            Conj/Fire      8%         6-21      26%         3
 Inner Flame              Hex/Fire       6%         N/A       34%         3
 Flame Wave               Conj/Fire      8%         2d5       65%         4
 Summon Forest            Summ/Tloc      0%         N/A       99%         5
 Summon Mana Viper        Hex/Summ       1%         N/A       99%         5
 Summon Cactus Giant      Summ           0%         N/A       100%        6


Dungeon Overview and Level Annotations

Branches:
Dungeon (2/15)

Altars:

Annotations:
D:1 Terence


Innate Abilities, Weirdness & Mutations

You have sharp claws.
You have razor-sharp teeth.
You have supernaturally acute eyesight. (SInv)
You cover ground quickly. (Speed+)
You are covered in fur. (AC +1)
Your paws help you pounce on unaware monsters.
You are incapable of wielding weapons or throwing items.
You cannot wear armour.
You gain extra lives every three experience levels.


Message History

Terence is moderately wounded.
Terence misses you.
You scratch Terence but do no damage. You bite Terence.
Terence is moderately wounded.
Terence misses you.
You scratch Terence but do no damage.
Terence is moderately wounded.
Terence misses you.
Casting: Foxfire (safe; 9% risk of failure)
Confirm with . or Enter, or press ? or * to list all spells.
You miscast Foxfire.
You are very lightly contaminated with residual magic.
Nothing appears to happen.
Terence closely misses you.
Casting: Foxfire (safe; 9% risk of failure)
Confirm with . or Enter, or press ? or * to list all spells.
You conjure some foxfire!
Terence hits you but does no damage.
Terence hits your foxfire with a +0 hand axe.
The foxfire hits Terence but does no damage.
Terence is moderately wounded.
The foxfire hits Terence.
Terence is heavily wounded.
Terence barely misses you.
Casting: Foxfire (safe; 9% risk of failure)
Confirm with . or Enter, or press ? or * to list all spells.
You miscast Foxfire.
Nothing appears to happen.
Terence misses you. Terence completely misses you. Terence barely misses you.
You closely miss Terence. You bite Terence, but do no damage.
Terence is heavily wounded.
Terence misses you.
Casting: Foxfire (safe; 9% risk of failure)
Confirm with . or Enter, or press ? or * to list all spells.
You miscast Foxfire.
Nothing appears to happen.
Terence hits you with a +0 hand axe. Terence hits you with a +0 hand axe.
Terence completely misses you.
There is a stone staircase leading down here.
Terence hits you with a +0 hand axe!
Ouch! That really hurt!
You die...

#.....# ......#
......#######
............#
............#
..###.......####### ..#
#.............##########
..#
#.............#........#
..#
#######.....@.#........#
'## #.....@..........##
.# ####..............#
.# #......#######.# .#
#......# #.# .# #......#
#.# .# #......# #.## .#
#......# #..### .#
#......# ##...#


You could see Terence.

Vanquished Creatures
  2 bats
  An endoplasm (D:1)
  A kobold (D:1)
  2 quokkas (D:1)
  A ball python (D:1)
  A rat (D:1)
8 creatures vanquished.

Vanquished Creatures (others)
  24 foxfires
24 creatures vanquished.

Grand Total: 32 creatures vanquished

Notes
Turn   | Place    | Note
-------+----------+-------------------------------------------
     0 | D:1      | lonewolfV2 the Felid Fire Elementalist began the quest for
                  | the Orb.
     0 | D:1      | Reached XP level 1. HP: 7/7 MP: 4/4
   114 | D:1      | Reached skill level 1 in Conjurations
   778 | D:1      | Reached skill level 3 in Stealth
   778 | D:1      | Reached XP level 2. HP: 11/11 MP: 3/6
   925 | D:2      | Noticed Terence
   965 | D:1      | Slain by Terence

Illustrated notes

Levels and vault maps discovered:
D:1:      minmay_arrival_five_plusses, layout_basic
D:2:      layout_rooms, st_stairs_8, serial_park_tiny_1,
          hangedman_decor_slide_cut, kennysheep_decorative_pillar,
          feat_on_display, uniq_terence

Skill      XL: |  1 |
---------------+----+-----
Conjurations   | 1 |  1.1
Stealth        | 3 |  3.0
Dodging        | |  2.9
Spellcasting   | |  2.1
Fire Magic     | |  2.8

Action                   || total
-------------------------++-------
Melee: Unarmed           ||     3
       Bite              ||     2
 Cast: Foxfire           ||    18
Armor: Skin              ||     2
Dodge: Dodged            ||    13
